 Dungeon Crawl Stone Soup version 0.22-a0-618-gd6a3efe (webtiles) character file.

10411 Supahsalami the Cleaver (level 11, -14/150 HPs)
             Began as a Minotaur Berserker on July 13, 2018.
             Was an Elder of Trog.
             Demolished by an orc warrior
             ... wielding a +0 bardiche
              (31 damage)
             ... in a bailey.
             The game lasted 00:34:23 (9741 turns).

Supahsalami the Cleaver (Minotaur Berserker)        Turns: 9741, Time: 00:34:24

Health: -14/150    AC: 14    Str: 27    XL:     11   Next: 35%
Magic:  0/10       EV:  8    Int:  7    God:    Trog [****..]
Gold:   488        SH: 12    Dex: 10    Spells: 10/10 levels left

rFire    . . .     SeeInvis .   a - +0 war axe
rCold    . . .     Gourm    +   d - +0 shield
rNeg     . . .     Faith    .   x - +0 chain mail
rPois    .         Spirit   +   (helmet restricted)
rElec    .         Reflect  .   F - scarf {Spirit}
rCorr    .         Harm     .   v - +1 pair of gloves
MR       +++..                  (no boots)
Stlth    ..........             f - amulet of the gourmand
HPRegen  1.35/turn              N - ring of stealth
MPRegen  0.12/turn              P - ring of protection from magic

@: berserking (expiring), regenerating, very quick
A: retaliatory headbutt, horns 2
a: Berserk, Trog's Hand, Brothers in Arms, Renounce Religion


You were in a bailey.
You worshipped Trog.
Trog was greatly pleased with you.
You were very full.

You visited 1 branch of the dungeon, and saw 11 of its levels.
You also visited: Sewer and Bailey.

You collected 488 gold pieces.

Inventory:

Hand Weapons
 a - a +0 war axe (weapon)
 c - a +1 morningstar of protection
 h - a +1 dire flail of protection
 q - a cursed -3 spear
Missiles
 e - 5 javelins
 r - a throwing net (quivered)
 w - 8 tomahawks
 y - 8 javelins of returning
 z - 8 tomahawks of returning
 A - 4 poisoned javelins
Armour
 d - a +0 shield (worn)
 v - a +1 pair of gloves (worn)
 x - a +0 chain mail (worn)
 F - a scarf of spirit shield (worn)
 G - a scarf of cloud immunity
 T - a +0 plate armour
Jewellery
 f - an amulet of the gourmand (around neck)
 i - an uncursed ring of resist corrosion
 t - an uncursed ring of see invisible
 N - a ring of stealth (left hand)
 O - an uncursed ring of ice
 P - a ring of protection from magic (right hand)
Wands
 b - a wand of digging (17)
 j - a wand of paralysis (17)
 l - a wand of acid (5)
 Q - a wand of disintegration (15)
Scrolls
 g - 3 scrolls of fear
 n - 3 scrolls of remove curse
 o - 2 scrolls of enchant armour
 s - 2 scrolls of fog
 C - 3 scrolls of teleportation
 E - 2 scrolls of immolation
 H - a scroll of noise {unknown}
 K - a scroll of holy word {unknown}
 L - a scroll of random uselessness {unknown}
 U - a scroll of acquirement {unknown}
Potions
 k - 3 potions of brilliance
 m - a potion of magic {unknown}
 p - 3 potions of resistance
 u - 2 potions of invisibility
 B - 6 potions of heal wounds
 D - a potion of haste
 M - 12 potions of curing
 R - 2 potions of might
Comestibles
 I - 5 chunks of flesh
 J - 14 rations


   Skills:
 + Level 10.2 Fighting
 * Level 13.5 Axes
 - Level 2.0 Throwing
 + Level 9.8 Armour
 - Level 2.3 Dodging
 + Level 9.4 Shields


You had 10 spell levels left.
You didn't know any spells.
Your spell library was empty.

Dungeon Overview and Level Annotations

Branches:
Dungeon (12/15)            Temple (0/1) D:7
   Lair: D:8-11         Orc: D:9-12

Altars:
Ashenzari
Dithmenos
Gozag
Makhleb
Nemelex Xobeh
Okawaru
Ru
Sif Muna
Uskayaw
Vehumet
The Shining One

Shops:
D:5 %   D:7 %

Annotations:
D:12 Psyche


Innate Abilities, Weirdness & Mutations

You reflexively headbutt those who attack you in melee.
You have a pair of horns on your head.


Message History

The orc knight is heavily wounded.
You slash the orc warrior!
You kill the orc warrior!
Trog accepts your kill.
You hit the orc knight. The orc knight hits you with a halberd!
* * * LOW HITPOINT WARNING * * *
The orc warrior barely misses you.
You slash the orc knight! Your headbutt misses the orc knight.
The orc knight is severely wounded.
You slash the orc knight!
The orc warrior no longer looks unusually strong.
The orc knight hits you with a glaive!!
* * * LOW HITPOINT WARNING * * *
The orc knight roars a battlecry!
The orcs go into a battle-frenzy!
You hit the orc knight.
The orc knight is severely wounded.
You hit the orc knight but do no damage.
The orc warrior hits you from afar with a bardiche!!
You die...

###### #######
#.....#########.....##
......)#.....#....)).###
.))..oo@.....'....)).#..
o....oo'.....'...))).'..
..)....'.....'....)..#..
.......#.....#....)).###
#.....#########.....##
###### #######


You could see 3 orc knights and 2 orc warriors.

Vanquished Creatures
  A hydra (D:11)
  Erica (D:8)
  4 two-headed ogres
  Maurice (D:8)
  A gargoyle (D:7)
  Grinder (D:6)
  A wyvern (D:11)
  Menkaure (D:6)
  Edmund (D:6)
  3 black bears
  A sky beast (D:7)
  7 orc warriors
  3 ice beasts
  2 phantoms (D:11)
  6 ogres
  4 centaurs
  3 big kobolds (Sewer)
  5 bullfrogs
  A wyvern zombie (D:8)
  A wyvern skeleton (D:7)
  A water moccasin zombie (D:8)
  4 scorpions
  A howler monkey (D:4)
  5 wights (D:11)
  3 crimson imps
  2 quasits (D:8)
  2 hounds
  7 orc priests
  A bullfrog skeleton (D:7)
  2 centaur skeletons
  6 orc wizards
  8 iguanas
  5 worker ants
  A killer bee zombie (D:5)
  A hound skeleton (D:9)
  3 worker ant zombies
  21 adders
  10 gnolls
  A river rat (Sewer)
  3 shadow imps
  4 oozes
  3 worms
  A dart slug (D:1)
  5 leopard geckos
  53 orcs
  4 ball pythons
  8 bats
  7 giant cockroaches
  11 goblins
  12 hobgoblins
  11 jackals
  6 quokkas
  5 frilled lizards
  16 kobolds
  26 rats
307 creatures vanquished.

Vanquished Creatures (collateral kills)
  An orc warrior (Bailey)
  5 orcs (Bailey)
6 creatures vanquished.

Grand Total: 313 creatures vanquished

Notes
Turn   | Place    | Note
-------+----------+-------------------------------------------
     0 | D:1      | Supahsalami the Minotaur Berserker began the quest for the Orb.
     0 | D:1      | Reached XP level 1. HP: 19/19 MP: 0/0
   113 | D:1      | Reached XP level 2. HP: 26/27 MP: 1/1
   148 | D:1      | Reached skill level 4 in Axes
   394 | D:1      | Reached XP level 3. HP: 30/33 MP: 2/2
   561 | D:2      | Reached skill level 1 in Shields
   566 | D:2      | Reached ** piety under Trog
   876 | D:2      | Found a sacrificial altar of Ru.
   878 | D:2      | Found an iron altar of Okawaru.
   886 | D:2      | Found a glowing golden altar of the Shining One.
   921 | D:2      | Reached XP level 4. HP: 16/40 MP: 3/3
  1306 | D:2      | Reached skill level 5 in Axes
  2051 | D:3      | Reached XP level 5. HP: 32/47 MP: 4/4
  2439 | D:3      | Noticed an ogre
  2447 | D:3      | Killed an ogre
  2447 | D:3      | Reached skill level 5 in Fighting
  2447 | D:3      | Reached skill level 6 in Axes
  2447 | D:3      | Reached XP level 6. HP: 5/56 MP: 5/5
  3001 | D:4      | Noticed an orc warrior
  3011 | D:4      | Killed an orc warrior
  3336 | D:4      | Found a shadowy altar of Dithmenos.
  3361 | D:4      | Reached *** piety under Trog
  3361 | D:4      | Reached XP level 7. HP: 56/61 MP: 6/6
  3907 | D:5      | Entered Level 5 of the Dungeon
  3919 | D:5      | Reached skill level 7 in Axes
  4038 | D:5      | Found Xecherch's Food Shop.
  4145 | D:5      | Reached skill level 5 in Armour
  4326 | D:5      | Found a glowing drain.
  4353 | Sewer    | Entered a sewer
  4644 | Sewer    | Received a gift from Trog
  4709 | Sewer    | Reached **** piety under Trog
  4741 | Sewer    | Received a gift from Trog
  4767 | Sewer    | Reached skill level 8 in Axes
  4767 | Sewer    | Reached XP level 8. HP: 59/70 MP: 7/7
  4849 | Sewer    | Reached skill level 1 in Throwing
  5724 | D:6      | Noticed Menkaure
  5732 | D:6      | Killed Menkaure
  5732 | D:6      | Reached skill level 5 in Shields
  6043 | D:6      | Noticed Grinder
  6056 | D:6      | Killed Grinder
  6056 | D:6      | Reached skill level 9 in Axes
  6442 | D:6      | Noticed Edmund
  6453 | D:6      | Killed Edmund
  6453 | D:6      | Reached XP level 9. HP: 79/79 MP: 8/8
  6700 | D:6      | Found a radiant altar of Vehumet.
  6702 | D:6      | Found a deep blue altar of Sif Muna.
  6712 | D:6      | Found an opulent altar of Gozag.
  6725 | D:6      | Found a sparkling altar of Nemelex Xobeh.
  6733 | D:6      | Found a hide-covered altar of Uskayaw.
  6885 | D:7      | Received a gift from Trog
  6885 | D:7      | Reached skill level 10 in Axes
  6908 | D:7      | Noticed a gargoyle
  6920 | D:7      | Killed a gargoyle
  7386 | D:7      | Reached skill level 11 in Axes
  7426 | D:7      | Found a staircase to the Ecumenical Temple.
  7438 | D:7      | Found a shattered altar of Ashenzari.
  7519 | D:7      | Found Nuefaguff's Food Boutique.
  7751 | D:8      | Noticed a two-headed ogre
  7757 | D:8      | Killed a two-headed ogre
  7757 | D:8      | Reached XP level 10. HP: 90/90 MP: 7/9
  8090 | D:8      | Noticed Maurice
  8102 | D:8      | Killed Maurice
  8183 | D:8      | Noticed a two-headed ogre
  8194 | D:8      | Killed a two-headed ogre
  8194 | D:8      | Reached skill level 12 in Axes
  8372 | D:8      | Noticed a two-headed ogre
  8382 | D:8      | Killed a two-headed ogre
  8482 | D:8      | Found a burning altar of Makhleb.
  8587 | D:8      | Noticed Erica
  8594 | D:8      | Killed Erica
  8862 | D:9      | Reached XP level 11. HP: 99/99 MP: 10/10
  9085 | D:9      | Received a gift from Trog
  9096 | D:9      | You fall through a shaft for 3 floors!
  9096 | D:12     | Noticed Psyche
  9096 | D:12     | Noticed a six-headed hydra
  9116 | D:11     | Noticed a two-headed ogre
  9117 | D:11     | Noticed a four-headed hydra
  9127 | D:11     | Killed a four-headed hydra
  9127 | D:11     | Reached skill level 13 in Axes
  9132 | D:11     | Killed a two-headed ogre
  9132 | D:11     | Reached skill level 10 in Fighting
  9168 | D:11     | Received a gift from Trog
  9261 | D:11     | Found a flagged portal.
  9277 | Bailey   | Entered a bailey
  9721 | Bailey   | Noticed an orc knight
  9722 | Bailey   | Noticed an orc knight
  9722 | Bailey   | Noticed an orc knight
  9738 | Bailey   | Noticed an orc knight
  9741 | Bailey   | Demolished by an orc warrior

Vault maps used:
D:1:      minmay_arrival_three_doors, st_stairs_10, hangedman_decor_lopped
D:2:      grunt_temple_overflow_open, minmay_misc_feat_four_crosses, hex_medium,
          skrybe_limestone_x, lightli_corner_chamber
D:3:      st_stairs_13
D:4:      first_ration, corexii_item_surrounded_by_moat,
          nicolae_dithmenos_shadow_blocks
D:5:      serial_shops, kennysheep_little_box, gup_sewer_entry_pipe
D:6:      minmay_overflow_temple_star_hex, uniq_edmund, uniq_menkaure,
          uniq_grinder
D:7:      ashenzari_conservatory_becter, minmay_temple_entry_butterflies,
          serial_shops, shop, st_stairs_7
D:8:      old_standard_altar, uniq_maurice, uniq_erica
D:9:      minmay_weird_star
D:11:     enter_bailey_3, portal_ice_cave_entry_animals_and_master,
          hangedman_fish_farm, hangedman_ru_absence, uniq_gastronok,
          uniq_fannar, uniq_harold, uniq_nergalle
D:12:     serial_shops, nicolae_shop_overgrown_old_shop, uniq_psyche
Sewer:    sewer_minmay_treatment
Bailey:   bailey_polearm_5, bailey

Skill      XL: |  1  2  3  4  5  6  7  8  9 10 11 |
---------------+----------------------------------+-----
Axes           | 4 5 6 8 9 11 12 13 | 13.5
Fighting       | 4 5 6 7 8 9 10 | 10.2
Shields        | 1 2 3 4 5 7 8 9 |  9.4
Armour         | 3 4 5 6 8 9 |  9.8
Throwing       | 2 |  2.0
Dodging        | |  2.3

Action                   |  1- 3 |  4- 6 |  7- 9 | 10-12 || total
-------------------------+-------+-------+-------+-------++-------
Melee: Hand axe          |    86 |   114 |   248 |       ||   448
       Headbutt          |    13 |    14 |    65 |    50 ||   142
       War axe           |       |       |   136 |   151 ||   287
       Morningstar       |       |       |    40 |    49 ||    89
Throw: Tomahawk          |       |       |       |     8 ||     8
       Javelin           |       |       |       |     1 ||     1
Invok: Berserk           |     1 |     4 |     6 |    11 ||    22
       Trog's Hand       |       |     1 |     6 |    10 ||    17
       Brothers in Arms  |       |       |       |     1 ||     1
Evoke: Wand              |       |       |       |     8 ||     8
  Use: Scroll            |       |     3 |     5 |     7 ||    15
 Stab: Sleeping          |       |     1 |       |       ||     1
  Eat: Chunk             |       |    16 |    34 |    20 ||    70
Armor: Animal skin       |    17 |     9 |       |       ||    26
       Chain mail        |       |    11 |   208 |   117 ||   336
Dodge: Dodged            |    41 |    39 |   109 |    99 ||   288
Block: Shield            |    37 |    33 |   196 |   165 ||   431

Table legend:
 A = Spawn XP
 B = Non-spawn XP
 C = Spawn XP percentage of total XP
 D = Spawn monster count
 E = Non-spawn monster count
 F = Spawn count percentage of total count
 G = Total turns spent on level
                    A         B        C        D         E        F      G
               +---------+---------+-------+---------+---------+-------+---------
         Total |       0 |   14873 |   0.0 |       0 |     313 |   0.0 |  9741
               +---------+---------+-------+---------+---------+-------+---------
           D:1 |       0 |      47 |   0.0 |       0 |      19 |   0.0 |   554
           D:2 |       0 |     145 |   0.0 |       0 |      32 |   0.0 |  1420
           D:3 |       0 |     244 |   0.0 |       0 |      16 |   0.0 |  1142
           D:4 |       0 |     383 |   0.0 |       0 |      21 |   0.0 |   791
           D:5 |       0 |     586 |   0.0 |       0 |      21 |   0.0 |  1442
           D:6 |       0 |    1324 |   0.0 |       0 |      20 |   0.0 |   870
           D:7 |       0 |    2277 |   0.0 |       0 |      38 |   0.0 |  1009
           D:8 |       0 |    5164 |   0.0 |       0 |      37 |   0.0 |   935
           D:9 |       0 |     792 |   0.0 |       0 |      11 |   0.0 |   289
          D:11 |       0 |    2967 |   0.0 |       0 |      21 |   0.0 |   177
         Sewer |       0 |     405 |   0.0 |       0 |      48 |   0.0 |   644
        Bailey |       0 |     539 |   0.0 |       0 |      29 |   0.0 |   464
               +---------+---------+-------+---------+---------+-------+---------
